Map: Cosmic Sapphire

Players

Solar - Winner!

  • Race: Zerg Zerg
  • Spawn Location: 5:00

Neeb

  • Race: Protoss Protoss
  • Spawn Location: 11:00

Event: DreamHack SC2 Masters 2022 Atlanta (Offline)

VOD

Have the link to the VOD?

Description

Time

  • Played on: Nov. 18, 2022, 6:45 p.m.
  • Length: 14:17

All games in this series

Show
View Real Time Build Order
Export as new Build Order

Solar Zerg - Winner!

Build Orders: Hatch First 

Get SALT Encoding   

  12  0:00  Drone  
  13  0:12  Overlord  
  13  0:17  Drone  
  14  0:30  Drone x2  
  16  0:47  Hatchery  
  15  0:51  Drone  
  15  0:53  Drone  
  17  0:57  Drone  
  18  1:08  Extractor  
  17  1:12  Spawning Pool  
  17  1:15  Drone  
  17  1:18  Drone  
  18  1:28  Drone  
  19  1:39  Drone  
  20  1:50  Drone  
  21  1:59  Zergling x2, Queen x2  
  21  2:00  Overlord  
  26  2:12  Metabolic Boost, Drone  
  26  2:13  Drone  
  28  2:24  Drone x2  
  30  2:34  Drone  
  30  2:36  Drone, Hatchery  
  31  2:41  Queen  
  33  2:46  Overlord  
  33  2:50  Drone  
  34  2:54  Drone x2  
  36  3:05  Zergling x4  
  36  3:07  Queen  
  36  3:11  Zergling x4  
  42  3:13  Drone  
  42  3:14  Overlord  
  42  3:19  Drone  
  43  3:27  Overlord  
  43  3:32  Queen  
  43  3:33  Zergling x2  
  46  3:38  Zergling x2  
  47  3:43  Drone x3  
  49  3:49  Queen  
  49  3:50  Drone x3  
  49  3:52  Drone x2  
  49  3:54  Drone x2  
  58  3:58  Spore Crawler  
  58  3:59  Overlord  
  58  4:01  Drone  
  57  4:06  Drone  
  57  4:09  Drone  
  59  4:11  Queen  
  59  4:13  Drone  
  61  4:18  Drone x3  
  61  4:21  Drone, Evolution Chamber  
  61  4:22  Drone  
  61  4:23  Drone  
  66  4:26  Zergling x4  
  66  4:28  Zergling x2  
  66  4:30  Drone  
  67  4:33  Drone  
  67  4:35  Overlord  
  68  4:42  Drone  
  68  4:43  Drone  
  70  4:47  Zerg Melee Weapons Level 1  
  70  4:49  Drone  
  70  4:50  Hatchery  
  70  4:55  Zergling x8, Extractor  
  70  4:56  Extractor  
  70  4:58  Drone x3  
  75  5:06  Spore Crawler, Drone x2  
  76  5:07  Drone  
  76  5:10  Lair  
  75  5:14  Drone x3  
  75  5:18  Drone x3  
  75  5:19  Drone x3  
  75  5:21  Drone  
  82  5:22  Overlord  
  82  5:24  Overlord  
  81  5:33  Overlord  
  81  5:36  Baneling Nest  
  81  5:39  Extractor  
  81  5:40  Drone x4, Extractor  
  81  5:42  Drone x3  
  84  5:46  Drone x2  
  86  5:51  Zergling x8  
  86  5:54  Zergling x6  
  93  6:03  Zergling x4  
  93  6:04  Zergling x4  
  97  6:14  Zergling x12  
  97  6:15  Overlord  
  103  6:22  Hydralisk Den  
  103  6:23  Zergling x4  
  102  6:25  Zergling x6  
  102  6:30  Drone x2  
  102  6:32  Drone x2  
  103  6:34  Drone x3  
  103  6:36  Zergling x6  
  103  6:38  Overseer, Overlord  
  109  6:41  Zerg Melee Weapons Level 2, Queen  
  109  6:42  Hatchery  
  109  6:43  Overlord  
  109  6:44  Drone, Overlord x2  
  111  6:50  Overlord  
  111  6:53  Zergling x6  
  111  6:57  Zergling x8  
  111  6:59  Drone  
  111  7:00  Grooved Spines, Drone  
  115  7:04  Overseer  
  115  7:07  Hydralisk x5  
  125  7:09  Zergling x2  
  125  7:10  Zergling x2  
  125  7:13  Zergling x8  
  129  7:16  Zergling x4  
  129  7:18  Drone  
  129  7:19  Drone x2  
  129  7:20  Drone  
  129  7:21  Drone x2  
  136  7:24  Spore Crawler  
  136  7:26  Hydralisk  
  137  7:31  Hydralisk x3  
  137  7:36  Zergling x6  
  139  7:42  Zergling x12  
  144  7:45  Centrifugal Hooks  
  144  7:47  Hydralisk  
  144  7:49  Zergling x6, Hatchery  
  147  7:55  Drone, Overlord  
  147  7:56  Hydralisk  
  150  8:00  Hydralisk  
  150  8:04  Overlord  
  152  8:05  Overlord  
  152  8:08  Overlord  
  152  8:10  Overlord  
  152  8:11  Muscular Augments  
  152  8:12  Overlord  
  152  8:13  Hydralisk x2  
  152  8:14  Zergling x8  
  152  8:17  Baneling x7  
  157  8:21  Zergling x4  
  157  8:22  Zergling x6  
  157  8:24  Baneling  
  157  8:25  Hydralisk x2  
  166  8:30  Zergling x6  
  166  8:34  Zergling x10  
  157  8:37  Hydralisk x2  
  145  8:41  Hydralisk x3  
  145  8:46  Hydralisk x2  
  145  8:47  Zergling x4  
  143  8:52  Zergling x2  
  143  8:53  Zergling x4  
  140  8:56  Hydralisk  
  140  8:58  Baneling x3  
  140  8:59  Baneling x6  
  143  9:02  Zergling x2  
  143  9:03  Zergling x2  
  143  9:05  Zergling x4  
  143  9:09  Zergling x6  
  149  9:15  Baneling x10  
  149  9:18  Zergling x6  
  149  9:23  Zergling x8  
  145  9:24  Zergling x2  
  145  9:25  Zergling x2  
  145  9:26  Zergling x2  
  145  9:30  Baneling  
  145  9:31  Baneling x7  
  148  9:32  Zerg Missile Weapons Level 1  
  148  9:34  Zergling x4  
  148  9:36  Zergling x4  
  152  9:39  Zergling x6  
  152  9:43  Zergling x6  
  152  9:44  Zergling x4  
  152  9:45  Hydralisk  
  149  9:47  Zergling x4  
  149  9:49  Zergling x2  
  149  9:50  Zergling x2  
  149  9:51  Zergling x2  
  149  9:58  Drone x4  
  149  9:59  Drone  
  149  10:01  Zergling x4  
  149  10:02  Zergling x2  
  147  10:09  Zergling x14  
  143  10:16  Zergling x10  
  143  10:17  Hydralisk  
  148  10:21  Zergling x2  
  148  10:27  Hatchery  
  144  10:35  Baneling x12  
  136  10:36  Zergling x6  
  136  10:40  Zergling x4  
  136  10:41  Zergling x2  
  136  10:42  Zergling x2  
  143  10:43  Baneling x2  
  143  10:44  Zergling x2  
  143  10:47  Hydralisk  
  143  10:49  Zergling x2  
  147  10:50  Zergling x2  
  147  10:53  Zergling x2  
  149  10:59  Zergling x8  
  142  11:06  Hydralisk  
  142  11:09  Baneling x7  
  142  11:11  Hydralisk x3  
  131  11:19  Hydralisk x2  
  131  11:23  Zergling x4  
  136  11:28  Baneling x11  
  136  11:32  Zergling x8  
  140  11:33  Baneling x6  
  140  11:39  Drone x3  
  143  11:43  Hydralisk x2  
  147  11:51  Zergling x6  
  147  11:55  Zergling x4, Overseer  
  147  12:00  Zergling x4  
  151  12:01  Drone  
  151  12:06  Zergling x10  
  157  12:11  Zergling x8  
  157  12:15  Zergling x6  
  162  12:19  Zergling x8  
  166  12:24  Zergling x2, Drone  
  166  12:25  Zergling x4  
  165  12:30  Zergling x8  
  165  12:33  Hatchery  
  165  12:34  Zergling x6  
  165  12:36  Zergling x2  
  165  12:37  Zergling x4  
  173  12:40  Zergling x4  
  171  12:44  Baneling x10  
  171  12:45  Baneling x10  
  171  12:48  Zergling x2  
  171  12:49  Zergling x10  
  171  12:51  Drone x2  
  170  12:55  Baneling x5  
  170  12:58  Baneling x4  
  170  12:59  Baneling x5  
  170  13:03  Zergling x14  
  177  13:06  Zergling x6  
  177  13:10  Zergling x10  
  181  13:13  Hydralisk  
  181  13:18  Baneling x10  
  181  13:20  Zergling x6  
  178  13:28  Zergling x16  
  178  13:30  Zergling x4  
  178  13:31  Zergling x2  
  177  13:40  Hydralisk x5  
  147  13:48  Zergling x8  
  138  13:50  Zergling x6  
Show
View Real Time Build Order
Export as new Build Order

Neeb Protoss 

Build Orders: 1 Gate Expand, Oracle Opening 

Get SALT Encoding   

  12  0:00  Probe  
  13  0:12  Probe  
  14  0:17  Pylon  
  14  0:24  Probe  
  15  0:30  Assimilator  
  15  0:36  Probe (Chrono Boost)  
  15  0:42  Gateway  
  16  0:48  Probe (Chrono Boost)  
  17  0:53  Probe (Chrono Boost)  
  18  1:03  Probe  
  19  1:15  Probe  
  20  1:23  Nexus  
  20  1:32  Cybernetics Core  
  20  1:35  Probe  
  21  1:40  Assimilator  
  21  1:47  Probe  
  21  1:49  Pylon  
  22  1:59  Probe (Chrono Boost)  
  24  2:08  Probe (Chrono Boost)  
  24  2:09  Stargate  
  24  2:11  Adept  
  24  2:13  Probe (Chrono Boost)  
  27  2:18  Warp Gate  
  27  2:25  Probe (Chrono Boost)  
  28  2:31  Probe (Chrono Boost)  
  28  2:35  Probe  
  30  2:39  Probe  
  33  2:47  Probe  
  33  2:49  Oracle (Chrono Boost)  
  34  2:52  Probe  
  38  2:59  Probe  
  38  3:04  Probe  
  40  3:11  Nexus, Probe  
  39  3:16  Oracle (Chrono Boost)  
  42  3:23  Probe, Pylon  
  42  3:26  Probe  
  44  3:28  Adept  
  46  3:36  Gateway  
  46  3:41  Probe x2  
  46  3:44  Pylon  
  48  3:51  Twilight Council  
  48  3:53  Probe  
  49  3:56  Assimilator  
  49  4:00  Pylon  
  49  4:02  Probe  
  50  4:05  Probe  
  51  4:11  Forge  
  51  4:12  Adept  
  51  4:13  Gateway  
  51  4:18  Probe  
  51  4:20  Probe, Gateway  
  51  4:24  Probe  
  54  4:27  Blink (Chrono Boost)  
  54  4:30  Oracle (Chrono Boost)  
  54  4:31  Adept, Probe  
  54  4:38  Pylon  
  58  4:41  Probe (Chrono Boost)  
  58  4:43  Probe (Chrono Boost)  
  58  4:45  Probe (Chrono Boost)  
  61  4:48  Protoss Ground Weapons Level 1 (Chrono Boost)  
  63  4:53  Probe (Chrono Boost)  
  63  4:54  Probe (Chrono Boost)  
  63  4:55  Probe (Chrono Boost)  
  63  4:58  Probe (Chrono Boost)  
  65  5:02  Pylon  
  65  5:03  Adept  
  65  5:04  Adept, Probe  
  65  5:06  Probe  
  70  5:08  Probe  
  70  5:16  Probe  
  71  5:22  Probe x2  
  71  5:23  Stalker x2  
  71  5:25  Stalker x2  
  71  5:28  Shield Battery  
  81  5:32  Probe  
  81  5:33  Pylon  
  81  5:34  Probe x2  
  84  5:44  Probe  
  84  5:47  Stalker x2  
  84  5:48  Stalker x2  
  93  5:57  Nexus  
  93  5:58  Pylon  
  93  6:03  Gateway  
  93  6:07  Gateway  
  93  6:10  Gateway  
  93  6:12  Stalker  
  93  6:13  Stalker  
  93  6:15  Stalker  
  98  6:20  Stalker  
  98  6:30  Probe  
  98  6:31  Probe x2  
  95  6:34  Pylon  
  95  6:35  Gateway  
  95  6:37  Stalker x2  
  95  6:39  Charge  
  99  6:40  Stalker  
  99  6:43  Probe x2  
  99  6:44  Probe, Pylon  
  104  6:47  Shield Battery, Pylon  
  104  6:52  Protoss Ground Weapons Level 2 (Chrono Boost)  
  100  6:55  Probe x2  
  100  6:58  Probe  
  103  7:05  Zealot x5  
  103  7:07  Probe x2  
  115  7:10  Probe  
  115  7:15  Probe  
  115  7:16  Stalker x2  
  115  7:19  Probe x2  
  115  7:22  Probe  
  122  7:23  Pylon  
  122  7:26  Pylon  
  122  7:29  Zealot x3, Robotics Facility  
  128  7:30  Zealot  
  130  7:43  Stalker x2  
  129  7:45  Zealot x2, Probe x2  
  129  7:53  Nexus  
  129  7:57  Zealot x4  
  137  8:02  Pylon  
  137  8:06  Pylon  
  137  8:08  Zealot x4  
  137  8:10  Probe x4  
  149  8:22  Probe  
  149  8:23  Zealot x4  
  158  8:28  Gateway  
  158  8:29  Gateway x2  
  158  8:33  Probe, Gateway  
  147  8:36  Templar Archives  
  147  8:39  Assimilator x2  
  131  8:41  Zealot x4  
  127  8:50  Zealot x4  
  125  8:56  Probe x3  
  125  8:57  Probe  
  125  9:01  Nexus  
  127  9:09  Zealot x4  
  135  9:10  Zealot x4  
  143  9:17  Photon Cannon  
  143  9:18  Shield Battery  
  129  9:26  Zealot x3  
  129  9:28  Zealot  
  137  9:32  Zealot x8  
  137  9:34  Probe  
  137  9:35  Probe x2  
  137  9:38  Pylon  
  156  9:40  Probe  
  156  9:43  Probe  
  135  9:47  Probe  
  135  9:48  Stalker x3  
  124  9:56  Zealot x2  
  124  9:57  Zealot x4  
  124  9:59  Probe x2 (Chrono Boost)  
  139  10:00  Probe (Chrono Boost)  
  139  10:01  Probe (Chrono Boost)  
  139  10:04  Probe (Chrono Boost)  
  133  10:09  Probe (Chrono Boost)  
  133  10:11  Probe (Chrono Boost)  
  133  10:13  Zealot x5  
  126  10:15  Probe (Chrono Boost)  
  102  10:21  High Templar x7  
  102  10:23  Probe x3  
  102  10:27  Archon  
  102  10:28  Archon x2  
  117  10:33  Probe (Chrono Boost)  
  116  10:36  Probe (Chrono Boost), High Templar, Photon Cannon  
  116  10:37  Zealot x3  
  116  10:38  Zealot  
  116  10:40  Probe x3 (Chrono Boost)  
  116  10:41  Shield Battery  
  131  10:45  Probe (Chrono Boost)  
  131  10:46  Probe (Chrono Boost)  
  131  10:48  Archon, Probe (Chrono Boost)  
  135  10:51  Probe x2 (Chrono Boost)  
  135  10:56  Zealot x7  
  144  11:03  Probe x3  
  135  11:10  Nexus  
  129  11:11  Pylon  
  129  11:14  High Templar x2  
  129  11:15  Zealot x3  
  125  11:20  Archon  
  125  11:22  High Templar x2  
  125  11:23  Zealot x4  
  129  11:26  Probe  
  129  11:27  Probe x4  
  134  11:33  Archon  
  134  11:35  Zealot x4  
  134  11:38  Probe  
  143  11:47  Stalker x2  
  143  11:48  Stalker x3  
  143  11:56  Probe x2  
  143  11:58  Assimilator  
  143  11:59  Assimilator  
  145  12:01  Pylon  
  145  12:04  High Templar x2  
  145  12:05  Zealot x7  
  145  12:07  Zealot x3  
  169  12:09  Archon, Probe x2  
  169  12:14  Probe  
  169  12:15  Probe  
  153  12:35  Warp Prism (Chrono Boost), High Templar  
  153  12:36  Zealot x8, High Templar  
  170  12:40  Probe  
  170  12:41  Probe  
  170  12:42  Probe  
  170  12:43  Archon, Probe x2  
  176  12:45  Photon Cannon  
  176  12:47  Photon Cannon  
  176  12:57  Assimilator  
  176  12:58  Assimilator  
  176  13:00  High Templar x2  
  176  13:01  High Templar x2  
  176  13:02  Zealot x5  
  176  13:04  Archon, Pylon  
  194  13:07  Archon  
  168  13:15  Zealot x2  
  168  13:16  Zealot  
  165  13:21  Probe x2  
  165  13:24  Zealot x4  
  165  13:25  Zealot  
  163  13:33  Zealot x3  
  114  13:42  High Templar x4  
  114  13:45  Archon  
  114  13:46  Archon  
  114  13:48  Zealot x5  
  114  13:52  Probe  
  105  14:02  Zealot x3  
  83  14:14  Zealot x5  
Tags
 
Add a new tag
Caveats
  • Supply blocks, unpowered buildings, or Contaminate may cause inaccurate times.
  • Supply counts are checked every 10 seconds.